 Dungeon Crawl Stone Soup version 0.30.1-4-g462c640d31 (webtiles) character file.

Game seed: 4939387299583043805

3082 Shisa the Fighter (level 9, -5/124 HPs)
             Began as a White Draconian Berserker on Aug 15, 2023.
             Was an Elder of Trog.
             Slain by a killer bee (6 damage)
             ... on level 8 of the Dungeon.
             The game lasted 01:34:52 (7218 turns).

Shisa the Fighter (White Draconian Berserker)       Turns: 7218, Time: 01:34:52

Health: -5/124     AC: 10    Str: 31    XL:     9   Next: 58%
Magic:  9/9        EV: 14    Int:  4    God:    Trog [****..]
Gold:   466        SH:  0    Dex: 10    Spells: 8/8 levels left

rFire   . . .        G - +5 spear
rCold   + + .        (no shield)
rNeg    + . .        (body armour unavailable)
rPois   .            (helmet restricted)
rElec   .            d - scarf of Wonder {repulsion, rC+ Regen+ Int-3}
rCorr   .            b - +1 pair of gloves
SInv    .            n - +0 pair of boots
Will    .....        h - amulet of the acrobat Stlth
                     t - ring of positive energy
HPRegen 1.20/turn    y - +6 ring of strength
MPRegen 0.11/turn

%: repel missiles, acrobat
@: berserking (expiring), lethally poisoned (-5 -> -7), very quick
A: breathe frost, AC +7, unfitting armour, cold resistance 1, cold-blooded
a: Breathe Frost, Renounce Religion, Berserk, Trog's Hand, Brothers in Arms


You were on level 8 of the Dungeon.
You worshipped Trog.
Trog was greatly pleased with you.
You visited 2 branches of the dungeon, and saw 9 of its levels.
You also visited: Ossuary.

You collected 466 gold pieces.

Inventory:

Hand Weapons
 a - a +0 spear
 l - a +0 spear
 v - a +0 halberd
 w - a +0 quarterstaff
 F - a +3 halberd
 G - a +5 spear (weapon)
Missiles
 c - 19 poisoned darts (quivered)
 e - 47 stones
 o - 10 boomerangs
 u - 3 throwing nets
 C - 6 javelins
Armour
 b - a +1 pair of gloves (worn)
 d - the scarf of Wonder (worn) {repulsion, rC+ Regen+ Int-3}
   (You acquired it on level 2 of the Dungeon)

   Int:       It affects your intelligence (-3).
   rC:        It protects you from cold.
   Regen:     It increases your rate of health regeneration.
 n - a +0 pair of boots (worn)
Jewellery
 h - an amulet of the acrobat (around neck)
 t - a ring of positive energy (left hand)
 y - a +6 ring of strength (right hand)
Wands
 x - a wand of flame (9)
 H - a wand of mindburst (11)
Scrolls
 f - 4 scrolls of identify
 g - 3 scrolls of immolation
 i - 2 scrolls of vulnerability
 k - 5 scrolls of teleportation
 q - 2 scrolls of enchant weapon {unknown}
 s - 3 scrolls of noise
 z - a scroll of butterflies
 A - a scroll of fog
 D - a scroll of brand weapon {unknown}
Potions
 j - 2 potions of haste
 m - 3 potions of lignification
 p - 5 potions of curing
 r - a potion of magic {unknown}
 B - 2 potions of cancellation
 E - 3 potions of heal wounds {unknown}
 I - a potion of mutation {unknown}
 J - 2 potions of ambrosia {unknown}


   Skills:
 + Level 9.2 Fighting
 + Level 5.2(6.6) Polearms
 - Level 6.2(7.2) Staves
 + Level 7.6 Dodging


You had 8 spell levels left.
You didn't know any spells.
Your spell library contained the following spells:

 Spells                   Type           Power      Damage    Failure   Level
 Summon Guardian Golem    Hex/Summ       0%         N/A       86%         3
 Orb of Destruction       Conj           0%         9d5       100%        7
 Spellforged Servitor     Conj/Summ      0%         N/A       100%        7


Dungeon Overview and Level Annotations

Branches:
Dungeon (8/15)             Temple (1/1) D:4         Ossuary (visited)
   Lair: D:8-11

Altars:
Ashenzari
Cheibriados
Dithmenos
Elyvilon
Fedhas
Gozag
Hepliaklqana
Kikubaaqudgha
Makhleb
Okawaru
Qazlal
Ru
Uskayaw
Vehumet
Wu Jian
Xom
Zin
The Shining One

Shops:
D:2 :


Innate Abilities, Weirdness & Mutations

You can breathe waves of freezing cold which knock back foes.
Your icy white scales are hard. (AC +7)
You cannot fit into any form of body armour.
Your flesh is cold resistant. (rC+)
You are cold-blooded and may be slowed by cold attacks.


Message History

Your base Polearms skill increases to level 5!
You barely miss the killer bee.
You feel sick. The killer bee barely misses you.
The killer bee closely misses you.
The killer bee stings you but does no damage.
You hit the killer bee. You tail-slap the killer bee!
You kill the killer bee!
Trog accepts your kill. The killer bee barely misses you. The orc misses you.
The orc priest calls down the wrath of Beogh upon you.
Beogh smites you!
* * * LOW HITPOINT WARNING * * *
Something barely misses you. The orc hits you with a +0 war axe.
* * * LOW HITPOINT WARNING * * *
You puncture the killer bee!
The killer bee is heavily wounded.
You feel sick. The killer bee stings you.
* * * LOW HITPOINT WARNING * * *
The killer bee stings you but does no damage.
The killer bee stings you.
* * * LOW HITPOINT WARNING * * *
You closely miss the killer bee.
The killer bee is heavily wounded.
You feel sick.
The killer bee stings you but does no damage.
The killer bee barely misses you. The killer bee closely misses you.
The orc closely misses you. Something barely misses you.
The orc hits you with a +0 war axe.
* * * LOW HITPOINT WARNING * * *
You miss the killer bee.
The killer bee is heavily wounded.
The killer bee misses you. The killer bee stings you.
* * * LOW HITPOINT WARNING * * *
You are lethally poisoned!
The killer bee poisons you!
The killer bee stings you but does no damage.
You barely miss the killer bee.
Your tail-slap misses the killer bee.
The killer bee is heavily wounded.
* * * LOW HITPOINT WARNING * * *
You feel sick. The killer bee stings you.
You die...

. ...........##.... .
##........#.... #.
###.........##.<.
#.####.#...........>.#
#.#..........†......#.#.
#...........#~##....#.#.
#......)~##≈≈###..#.#.
##.###yy.#≈≈#≈≈≈≈......
#.. ##@yy#≈≈≈≈#≈##(#...
.###..#oo{~~#≈≈≈≈≈≈#
#..#
....?...o.#~≈≈≈≈≈≈≈~.
..........##≈≈#≈#≈##.
...........#≈≈≈≈≈ #
...........#~#≈≈≈#
............. ###
..............
..............:


You could see 4 killer bees, an orc priest and 2 orcs.

Vanquished Creatures
  A hornet (D:8)
  The ghost of Infernotoast the Chopper, an amateur MiBe of Trog (D:3)
  A steam dragon (D:8)
  2 sky beasts
  2 ice beasts
  An ogre (D:6)
  2 centaurs
  2 phantoms
  A bullfrog (D:7)
  2 scorpions
  A gnoll sergeant (D:7)
  6 water moccasin zombies (Ossuary)
  4 wights (D:7)
  2 killer bees (D:8)
  A howler monkey (D:4)
  5 hounds
  An orc priest (D:6)
  A gnoll bouda (D:5)
  3 sleepcaps
  An iguana (D:4)
  8 orc wizards
  2 mummies (Ossuary)
  10 gnolls
  8 adders
  3 white imps
  6 adder zombies (Ossuary)
  2 worms (D:3)
  3 dart slugs
  21 orcs
  8 ball pythons
  3 endoplasms
  3 giant cockroaches
  6 gnoll zombies (Ossuary)
  5 goblins
  10 hobgoblins
  11 jackals
  8 quokkas
  3 bats
  5 frilled lizards
  4 hobgoblin zombies (Ossuary)
  7 kobolds
  2 kobold zombies (Ossuary)
  5 orc zombies (Ossuary)
  A quokka zombie (D:6)
  3 rats
  A rat zombie (D:6)
188 creatures vanquished.

Vanquished Creatures (others)
  A sky beast (D:8)
1 creature vanquished.

Grand Total: 189 creatures vanquished

Notes
Turn   | Place    | Note
-------+----------+-------------------------------------------
     0 | D:1      | Shisa the Draconian Berserker began the quest for the Orb.
     0 | D:1      | Reached XP level 1. HP: 19/19 MP: 1/1
   502 | D:1      | Reached XP level 2. HP: 17/26 MP: 2/2
  1580 | D:1      | Reached XP level 3. HP: 33/33 MP: 3/3
  1750 | D:2      | Identified a scroll of acquirement
  1751 | D:2      | Acquired the scarf of Wonder {repulsion, rC+ Regen+ Int-3}
  1880 | D:2      | Found a faded altar of an unknown god.
  1970 | D:2      | Reached ** piety under Trog
  2307 | D:2      | Reached skill level 4 in Fighting
  2421 | D:2      | Found Variok's Book Boutique.
  2751 | D:3      | Found a large runed translucent door.
  2803 | D:3      | Found a large runed translucent door.
  2850 | D:3      | Reached XP level 4. HP: 28/40 MP: 4/4
  2941 | D:3      | Noticed Infernotoast's ghost (amateur MiBe)
  3116 | D:3      | Found an ornate altar of the Wu Jian Council.
  3119 | D:3      | Found a hazy altar of Hepliaklqana.
  3121 | D:3      | Found a glowing golden altar of the Shining One.
  3122 | D:3      | Found a shimmering altar of Xom.
  3133 | D:3      | Found a shadowy altar of Dithmenos.
  3196 | D:3      | Reached XP level 5. HP: 43/47 MP: 5/5
  3315 | D:3      | Reached skill level 1 in Staves
  3929 | D:3      | Killed Infernotoast's ghost
  3930 | D:3      | Reached skill level 5 in Fighting
  3930 | D:3      | Reached XP level 6. HP: 56/56 MP: 6/6
  4018 | D:4      | Found a staircase to the Ecumenical Temple.
  4143 | D:4      | Your scales start taking on an icy white colour.
  4143 | D:4      | Reached XP level 7. HP: 56/62 MP: 7/7
  4143 | D:4      | Gained mutation: Your flesh is cold resistant. (rC+) [White
                  | Draconian growth]
  4184 | D:4      | Reached *** piety under Trog
  4196 | D:4      | You fall into a shaft and drop 1 floor!
  4196 | D:5      | Entered Level 5 of the Dungeon
  4543 | Temple   | Entered the Ecumenical Temple
  4845 | D:5      | Reached skill level 5 in Dodging
  4942 | D:5      | Reached skill level 6 in Fighting
  5680 | D:6      | Reached XP level 8. HP: 71/71 MP: 8/8
  5818 | D:6      | Found a stormy altar of Qazlal.
  5823 | D:6      | Found a snail-covered altar of Cheibriados.
  5901 | D:6      | Reached skill level 7 in Fighting
  5915 | D:6      | Reached skill level 5 in Staves
  5967 | D:6      | Found a sand-covered staircase.
  6232 | Ossuary  | Entered an ossuary
  6282 | Ossuary  | Reached **** piety under Trog
  6451 | Ossuary  | Reached skill level 8 in Fighting
  6596 | D:7      | Reached XP level 9. HP: 67/81 MP: 9/9
  7198 | D:8      | Paralysed by a hornet for 1 turns
  7207 | D:8      | Reached skill level 9 in Fighting
  7213 | D:8      | Reached skill level 5 in Polearms
  7216 | D:8      | HP: 6/124 [orc/+0 war axe (3)]
  7217 | D:8      | HP: 2/124 [killer bee (5)]
  7218 | D:8      | Slain by a killer bee

Illustrated notes

Levels and vault maps discovered:
D:1:      minmay_arrival_plants_in_alcoves, layout_basic
D:2:      layout_basic, hellmonk_ecumenical_altar_blasted, serial_shops, shop
D:3:      layout_basic, grunt_temple_overflow_open, ebering_ghost_disaster_area,
          cheibrodos_gnoll_hut
D:4:      layout_rooms, minmay_temple_entry_slanted
D:5:      layout_gridville
D:6:      layout_rooms, minitemple, enter_ossuary_4
D:7:      layout_rooms
D:8:      layout_cave_pools, nzn_overflow_gifts_of_might_and_magic,
          kennysheep_little_box, minivault_4, uniq_maurice
Temple:   nicolae_temple_bog_church

Skill      XL: |  1  2  3  4  5  6  7  8  9 |
---------------+----------------------------+-----
Dodging        | 3 4 5 6 7 |  7.6
Fighting       | 4 5 6 8 9 |  9.2
Staves         | 2 3 4 6 |  6.2
Polearms       | 5 |  5.2

Action                     |  1- 3 |  4- 6 |  7- 9 || total
---------------------------+-------+-------+-------++-------
  Melee: Spear             |   218 |    27 |    74 ||   319
         Tailslap          |    27 |    45 |    44 ||   116
         Punch             |     4 |     1 |       ||     5
         Quarterstaff      |       |   218 |   249 ||   467
  Throw: Dart              |     2 |     1 |       ||     3
 Invoke: Berserk           |     2 |     3 |     7 ||    12
Ability: Breathe Frost     |       |       |    16 ||    16
    Use: Potion            |     1 |     3 |     4 ||     8
         Scroll            |     4 |     2 |     6 ||    12
   Stab: Sleeping          |     1 |     1 |       ||     2
 Armour: Skin              |    34 |    42 |   139 ||   215
  Dodge: Dodged            |    86 |   111 |   354 ||   551
         Repelled          |       |     1 |     5 ||     6
